 Dungeon Sprint DCSS version 0.20.1-1-g8b1a95d (console) character file.

60 hilaritas the Shield-Bearer (level 4, -2/35 HPs)
             Began as a Formicid Fighter on Sept 24, 2017.
             Slain by a water elemental (14 damage)
             ... in the Dungeon (Sprint III: "The Ten Rune Challenge").
             The game lasted 00:01:37 (238 turns).

hilaritas the Shield-Bearer (Formicid Fighter)       Turns: 238, Time: 00:01:38

Health: -2/35      AC:  6    Str: 23    XL:     4   Next: 24%
Magic:  3/3        EV:  9    Int:  8    God:
Gold:   34         SH: 11    Dex: 10    Spells: 3/3 levels left

rFire    + . .     SeeInvis +   a - +0 war axe
rCold    + . .     Gourm    .   c - +0 shield
rNeg     . . .     Faith    .   b - +0 scale mail
rPois    .         Spirit   .   (helmet unavailable)
rElec    .         Reflect  .   (no cloak)
rCorr    .         Harm     .   (no gloves)
MR       .....                  (no boots)
Stlth    ..........             (no amulet)
Regen    0.2/turn               (no ring)
MPRegen  0.1/turn               (no ring)

@: engulfed (cannot breathe)
A: permanent stasis, dig shafts and tunnels, four strong arms, antennae 3, cold
resistance 1, fire resistance 1, low mp 1, strong 1
a: Dig


You were in the Dungeon.
You were not hungry.

You visited 1 branch You collected 34 gold pieces.

Inventory:

Hand Weapons
 a - a +0 war axe (weapon)
Armour
 b - a +0 scale mail (worn)
 c - a +0 shield (worn)
Scrolls
 g - a scroll of holy word {unknown}
 k - a scroll of blinking
 m - 3 scrolls of identify {unknown}
 n - 3 scrolls of remove curse
 r - a scroll of torment {unknown}
Potions
 d - a potion of might
 e - a potion of curing
 h - a potion of haste
 i - 2 potions of magic
 j - a potion of berserk rage
 p - 4 potions of flight
Comestibles
 f - 2 bread rations
 l - 4 chunks of flesh
 o - a royal jelly


   Skills:
 - Level 3.2 Fighting
 * Level 5.4 Axes
 - Level 3.2 Armour
 + Level 7.5 Shields


You had 3 spell levels left.
You didn't know any spells.

Dungeon Overview and Level Annotations

Branches:
Dungeon (1/1)

Altars:


Innate Abilities, Weirdness & Mutations

You cannot be hasted, slowed, berserked, paralysed or teleported.
You can dig through walls and to a lower floor.
Your four strong arms can wield two-handed weapons with a shield.
You have a pair of large antennae on your head. (SInv)
Your flesh is cold resistant. (rC+)
Your flesh is heat resistant. (rF+)
Your magical capacity is low. (-10% MP)
Your muscles are strong. (Str +2)


Message History

You open the door.
A water elemental comes into view.
Some of the chunks of flesh in your inventory have rotted away.
Okay, then.
The water elemental hits you.
The water elemental engulfs you in water!
There is an open door to the Ecumenical Temple here.
You hit the water elemental.
The water elemental is lightly damaged.
Your lungs strain for air!
The water elemental barely misses you.
You slash the water elemental!
The water elemental is heavily damaged.
Your lungs strain for air!
You block the water elemental's attack.
You barely miss the water elemental.
The water elemental is moderately damaged.
Your lungs strain for air!
You block the water elemental's attack. The water elemental hits you!
You die...

▓▓▓▓▓▓▓ ▓▓▓ ..#...####
##.# ..#..)...#####..#
.##.......#..#..#{
#.##.##...#..#..###+#+##
#.##.###..##'#..#.......
.####.##..###...@E⌠.....
###..##.†####...#...####
.....##..###....#.⌠.#
##†.##...##.....#...#
#..##....#†.....#+###
..###..##.#.....# {{ ..#
#..#####....# { ▓▓▓ ▓▓▓▓
▓▓▓▓▓▓ { {{ { { {


You could see a water elemental.

Vanquished Creatures
  Jessica (D)
  A human (D)
  A wolf (D)
  3 rats (D)
6 creatures vanquished.

Vanquished Creatures (others)
  2 draconian scorchers (D)
  6 hellions (D)
  A yaktaur (D)
9 creatures vanquished.

Grand Total: 15 creatures vanquished

Notes
Turn   | Place    | Note
-------+----------+-------------------------------------------
     0 | D        | hilaritas the Formicid Fighter began the quest for the Orb.
     0 | D        | Reached XP level 1. HP: 18/18 MP: 1/1
     8 | D        | Reached skill level 4 in Shields
    26 | D        | Noticed Jessica
    31 | D        | Killed Jessica
    31 | D        | Reached skill level 6 in Shields
    31 | D        | Reached XP level 2. HP: 22/24 MP: 2/2
    31 | D        | Reached XP level 3. HP: 27/29 MP: 3/3
    61 | D        | Killed a yaktaur
    74 | D        | Killed a hellion
    92 | D        | Reached skill level 5 in Axes
    92 | D        | Reached skill level 7 in Shields
    92 | D        | Reached XP level 4. HP: 27/35 MP: 4/4
   115 | D        | Killed a hellion
   117 | D        | Killed a hellion
   117 | D        | Killed a hellion
   126 | D        | Killed a hellion
   127 | D        | Killed a hellion
   184 | D        | Gained mutation: Your spells are a little easier to cast, but a little less powerful. [potion of mutation]
   184 | D        | Gained mutation: You have large cloven feet. [potion of mutation]
   185 | D        | Lost mutation: You have large cloven feet. [potion of mutation]
   185 | D        | Lost mutation: Your spells are a little easier to cast, but a little less powerful. [potion of mutation]
   185 | D        | Gained mutation: Your magical capacity is low. (-10% MP) [potion of mutation]
   185 | D        | Gained mutation: You have sharp toenails. [potion of mutation]
   185 | D        | Gained mutation: Your mind is acute. (Int +2) [potion of mutation]
   186 | D        | Lost mutation: Your mind is acute. (Int +2) [potion of mutation]
   186 | D        | Lost mutation: Your magical capacity is low. (-10% MP) [potion of mutation]
   186 | D        | Lost mutation: You have sharp toenails. [potion of mutation]
   186 | D        | Gained mutation: Your spells are a little harder to cast, but a little more powerful. [potion of mutation]
   186 | D        | Gained mutation: You are partially covered in icy blue scales. (AC +2) [potion of mutation]
   189 | D        | Killed a white draconian scorcher
   198 | D        | Lost mutation: Your spells are a little harder to cast, but a little more powerful. [potion of mutation]
   198 | D        | Lost mutation: You are partially covered in icy blue scales. (AC +2) [potion of mutation]
   198 | D        | Gained mutation: You expend magic power (3 MP) to strengthen your wands. [potion of mutation]
   198 | D        | Gained mutation: You possess an exceptional clarity of mind. [potion of mutation]
   199 | D        | Lost mutation: You possess an exceptional clarity of mind. [potion of mutation]
   199 | D        | Lost mutation: You expend magic power (3 MP) to strengthen your wands. [potion of mutation]
   199 | D        | Gained mutation: You are partially covered in iridescent scales. (AC +2) [potion of mutation]
   199 | D        | Gained mutation: Your magical capacity is low. (-10% MP) [potion of mutation]
   199 | D        | Gained mutation: You are frail. (-10% HP) [potion of mutation]
   199 | D        | Gained mutation: Your mind is acute. (Int +2) [potion of mutation]
   199 | D        | Killed a white draconian scorcher
   200 | D        | Lost mutation: Your magical capacity is low. (-10% MP) [potion of mutation]
   200 | D        | Lost mutation: Your mind is acute. (Int +2) [potion of mutation]
   200 | D        | Lost mutation: You are partially covered in iridescent scales. (AC +2) [potion of mutation]
   200 | D        | Gained mutation: Your muscles are strong. (Str +2) [potion of mutation]
   200 | D        | Gained mutation: Your magical capacity is low. (-10% MP) [potion of mutation]
   200 | D        | Gained mutation: Your flesh is cold resistant. (rC+) [potion of mutation]
   201 | D        | Lost mutation: You are frail. (-10% HP) [potion of mutation]
   201 | D        | Lost mutation: Your flesh is cold resistant. (rC+) [potion of mutation]
   201 | D        | Gained mutation: Your flesh is cold resistant. (rC+) [potion of mutation]
   201 | D        | Gained mutation: Your flesh is heat resistant. (rF+) [potion of mutation]
   234 | D        | Noticed a water elemental
   238 | D        | Slain by a water elemental

Skill      XL: |  1  2  3 |
---------------+----------+-----
Shields        | 6 7 |  7.5
Axes           | 4 5 |  5.4
Fighting       | |  3.2
Armour         | |  3.2

Action                   |  1- 3 |  4- 6 || total
-------------------------+-------+-------++-------
Melee: War axe           |    29 |     3 ||    32
  Use: Potion            |     1 |     7 ||     8
Armor: Scale mail        |     4 |     1 ||     5
Dodge: Dodged            |    11 |     1 ||    12
Block: Shield            |    15 |     2 ||    17
